 Dungeon Crawl Stone Soup version 0.31.0-11-ge490571c62 (webtiles) character file.

Game seed: 10142717939712906638

29 Gadfly the Insei (level 3, -1/29 HPs)
             Began as a Demonspawn Monk on Feb 2, 2024.
             Slain by Sigmund
             ... wielding a +2 vampiric scythe
              (12 damage)
             ... on level 2 of the Dungeon.
             The game lasted 00:02:26 (999 turns).

Gadfly the Insei (Demonspawn Monk)                   Turns: 999, Time: 00:02:27

Health: -1/29      AC:  2    Str: 13    XL:     3   Next: 1%
Magic:  3/3        EV: 13    Int: 10    God:
Gold:   124        SH:  0    Dex: 15    Spells: 2/2 levels left

rFire   . .          .
                       - Unarmed
rCold   . . .        c - orb {light}
rNeg    . . .        a - +0 robe
rPois   .            (helmet restricted)
rElec   .            (no cloak)
rCorr   .            (no gloves)
SInv    .            (no boots)
Will    .....        (no amulet)
Stlth   +            (no ring)
HPRegen 0.24/turn    (no ring)
MPRegen 0.08/turn

%: no passive effects
@: glowing
A: antennae 1
a: no special abilities


You were on level 2 of the Dungeon.
You visited 1 branch of the dungeon, and saw 2 of its levels.

You collected 124 gold pieces.

Inventory:

Armour
 a - a +0 robe (worn)
 c - an orb of light (worn)
Talismans
 g - a flux talisman
Potions
 d - a potion of degeneration
 h - a potion of mutation {unknown}
 j - a potion of haste {unknown}


   Skills:
 - Level 3.0 Fighting
 + Level 2.9 Dodging
 * Level 3.1 Unarmed Combat
 * Level 1.1 Evocations
 * Level 1.0 Shapeshifting


You had 2 spell levels left.
You didn't know any spells.
Your spell library was empty.

Dungeon Overview and Level Annotations

Branches:
Dungeon (2/15)

Altars:

Annotations:
D:2 Sigmund


Innate Abilities, Weirdness & Mutations

You have a pair of small antennae on your head.


Message History

Sigmund casts a spell at you. The magic dart hits you!
Found a stone staircase leading down.
Sigmund says, "I'm your fate." Sigmund casts a spell at you.
The puff of flame hits you!
You feel less invigorated.
Sigmund points at you and mumbles some strange words.
You are more confused.
Sigmund barely misses you.
Sigmund hits you from afar with a +2 vampiric scythe.
Sigmund draws strength from your wounds!
You're too confused to move!
Sigmund hits you from afar with a +2 vampiric scythe!
Sigmund draws strength from your wounds!
Sigmund misses you.
You bump into the rock wall.
It was a potion of curing.
You feel better.
Sigmund giggles. "Time to reap what you sow."
Sigmund barely misses you.
Okay, then.
Sigmund casts a spell.
Sigmund flickers and vanishes for a moment.
You hit Sigmund but do no damage. You hit Sigmund.
Sigmund is lightly wounded.
Sigmund screams, "Die, monster!"
Sigmund casts a spell at you. The puff of flame hits you!
* * * LOW HITPOINT WARNING * * *
You hit Sigmund.
Sigmund is lightly wounded.
Sigmund casts a spell at you.
You are confused.
Sigmund casts a spell at you. The puff of flame misses you.
You feel better. Sigmund misses you.
Sigmund hits you with a +2 vampiric scythe!
You die...
Sigmund begins carving another notch in his scythe.

## .<# ..#
..#########..#
.>...........#.#
.. #..@@.....#
...######..$##.#..
...............#
+#..$..#####......
#####.# ##.... #.#
### #.# # ###+##
#.# #..####
#....####.#
#......


You could see Sigmund (invisible).

Vanquished Creatures
  6 ball pythons
  3 endoplasms
  A giant cockroach (D:2)
  2 goblins (D:1)
  2 hobgoblins
  4 jackals (D:1)
  2 kobolds
  A quokka (D:2)
  A frilled lizard (D:1)
  2 rats (D:2)
24 creatures vanquished.

Notes
Turn   | Place    | Note
-------+----------+-------------------------------------------
     0 | D:1      | Gadfly the Demonspawn Monk began the quest for the Orb.
     0 | D:1      | Reached XP level 1. HP: 18/18 MP: 1/1
   172 | D:1      | Gained mutation: You have a pair of small antennae on your
                  | head. [demonic ancestry]
   172 | D:1      | Reached XP level 2. HP: 20/24 MP: 2/2
   658 | D:2      | Reached skill level 1 in Evocations
   751 | D:2      | Reached skill level 1 in Shapeshifting
   894 | D:2      | Reached XP level 3. HP: 28/29 MP: 3/3
   963 | D:2      | Noticed Sigmund
   999 | D:2      | Slain by Sigmund

Illustrated notes

Levels and vault maps discovered:
D:1:      grunt_arrival_crossed_arrows, layout_basic, minmay_shallow_snake_nest
D:2:      layout_basic, corner_web_ring, uniq_sigmund

Skill      XL: |  1  2 |
---------------+-------+-----
Unarmed Combat | 3 |  3.1
Evocations     | 1 |  1.1
Shapeshifting  | 1 |  1.0
Fighting       | |  3.0
Dodging        | |  2.9

Action                     || total
---------------------------++-------
  Melee: Unarmed           ||    92
    Use: Scroll            ||     5
         Potion            ||     3
 Armour: Robe              ||    39
  Dodge: Dodged            ||    63
